cohdb
Replays
Latest Replays
All Replays
Popular Replays
Top Player Replays
Match Explorer
How It Works
Community
CoH3 Stats
Reddit
Sign in to upload your games and track your stats! →
Sign in with Steam
Match 43982113
Unlisted
Match 43982113
Overview
Messages
Build Orders
End
Construct Section Command Post
Selects Canadian Shock Battlegroup
Infantry Section
Infantry Section
Infantry Section
Construct Field Infirmary
Infantry Section
Construct Platoon Command Post
Selects Offensive Resupply
Selects Canadian Shock Section
Selects Incendiary Munitions
Infantry Training
Grenade Package
Infantry Section
Infantry Section
Infantry Section
Barbarossa
MähnGiL
0
0
Comments
sign in to comment!
No comments posted yet!